 Dungeon Crawl Stone Soup version 0.28.0-53-g5a82cb258f (webtiles) character file.

Game seed: 16979864687278117823

58 ILmort the Bolt Thrower (level 4, -2/28 HPs)
             Began as a Kobold Hunter on Aug 2, 2022.
             Slain by a hobgoblin (4 damage)
             ... on level 3 of the Dungeon.
             The game lasted 00:07:22 (1486 turns).

ILmort the Bolt Thrower (Kobold Hunter)             Turns: 1486, Time: 00:07:23

Health: -2/28      AC: 12    Str:  9    XL:     4   Next: 20%
Magic:  4/4        EV: 10    Int: 12    God:
Gold:   12         SH:  0    Dex: 17    Spells: 3/3 levels left

rFire   + + .      SeeInvis .   a - +1 hand crossbow
rCold   . . .      Faith    .   (no shield)
rNeg    + . .      Spirit   .   j - +0 pearl dragon scales
rPois   .          Reflect  .   (no helmet)
rElec   .          Harm     .   (no cloak)
rCorr   .          Rampage  .   (no gloves)
Will    .....                   h - +1 pair of boots
Stlth   +.........              (no amulet)
HPRegen 0.09/turn               e - ring of protection from fire
MPRegen 0.09/turn               k - ring of protection from fire

@: no status effects
A: small, no large weapons, nightstalker 3
a: no special abilities


You were on level 3 of the Dungeon.
You visited 1 branch of the dungeon, and saw 3 of its levels.

You collected 12 gold pieces.

Inventory:

Hand Weapons
 a - a +1 hand crossbow (weapon)
 b - a +0 short sword
Armour
 c - a +0 leather armour
 h - a +1 pair of boots (worn)
 j - +0 pearl dragon scales (worn)
Jewellery
 e - a ring of protection from fire (left hand)
 k - a ring of protection from fire (right hand)
Scrolls
 f - a scroll of identify {unknown}
 g - a scroll of immolation {unknown}
 i - 3 scrolls of teleportation {unknown}


   Skills:
 + Level 3.4 Fighting
 + Level 5.6 Crossbows
 - Level 2.6 Dodging
 - Level 1.8 Stealth


You had 3 spell levels left.
You didn't know any spells.
Your spell library was empty.

Dungeon Overview and Level Annotations

Branches:
Dungeon (3/15)

Altars:


Innate Abilities, Weirdness & Mutations

You are small and have problems with some larger weapons.
You are completely attuned to the shadows.


Message History

The adder bites you but does no damage. The adder completely misses you.
The adder closely misses you. The adder barely misses you.
A kobold comes into view. It is wielding a +0 dagger.
The adder closely misses you. The adder bites you but does no damage.
The adder bites you but does no damage. The adder barely misses you.
The adder closely misses you. The adder bites you.
* * * LOW HITPOINT WARNING * * *
The adder barely misses you. The adder bites you but does no damage.
A hobgoblin comes into view.
You barely miss the hobgoblin. The adder barely misses you.
The adder bites you but does no damage.
The hobgoblin hits you but does no damage.
You closely miss the hobgoblin. The adder bites you but does no damage.
The hobgoblin hits you but does no damage.
The adder bites you but does no damage. The hobgoblin closely misses you.
There are monsters nearby!
You barely miss the adder.
The adder is heavily wounded.
The adder bites you but does no damage. x2
The hobgoblin hits you but does no damage.
You clumsily bash the adder but do no damage.
The adder is heavily wounded.
The adder bites you.
* * * LOW HITPOINT WARNING * * *
The hobgoblin barely misses you. The adder bites you but does no damage.
The hobgoblin hits you but does no damage.
You clumsily bash the adder but do no damage.
The adder is heavily wounded.
The adder closely misses you. x2; The hobgoblin barely misses you.
You clumsily bash the adder but do no damage.
The adder is heavily wounded.
The adder bites you but does no damage. The hobgoblin hits you.
* * * LOW HITPOINT WARNING * * *
The adder bites you but does no damage. The hobgoblin hits you.
You die...

#.###########K
#.# #.# #.#
#.# #.# #.#
#S# #@# #g#
..# #..# ####


You could see an adder and a hobgoblin.

Vanquished Creatures
  An adder (D:2)
  A worm (D:2)
  A dart slug (D:1)
  2 ball pythons (D:1)
  4 bats (D:1)
  5 endoplasms
  2 giant cockroaches (D:1)
  A goblin (D:1)
  2 hobgoblins (D:1)
  7 jackals (D:1)
  4 quokkas (D:1)
  A frilled lizard (D:2)
  2 kobolds (D:1)
  5 rats (D:1)
38 creatures vanquished.

Notes
Turn   | Place    | Note
-------+----------+-------------------------------------------
     0 | D:1      | ILmort the Kobold Hunter began the quest for the Orb.
     0 | D:1      | Reached XP level 1. HP: 12/12 MP: 1/1
    88 | D:1      | Reached XP level 2. HP: 18/18 MP: 2/2
    91 | D:1      | Reached skill level 5 in Crossbows
   493 | D:1      | Reached XP level 3. HP: 22/22 MP: 3/3
  1377 | D:2      | Reached XP level 4. HP: 28/28 MP: 4/4
  1486 | D:3      | Slain by a hobgoblin

Illustrated notes

Levels and vault maps discovered:
D:1:      saegor_arrival_simple_b, layout_basic, kennysheep_flooded_box,
          chequers_arboretum, minmay_misc_feat_more_columns
D:2:      layout_loops_ring, nrook_mini_backslash, uniq_sigmund,
          uniq_crazy_yiuf_cottage
D:3:      lemuel_castle_with_subvaults [lemuel_castle_interior_carwin_3],
          layout_rooms, ebering_ecumenical_altar_abandoned, uniq_natasha

Skill      XL: |  1  2  3 |
---------------+----------+-----
Crossbows      | 5 |  5.6
Fighting       | 3 |  3.4
Dodging        | |  2.6
Stealth        | |  1.8

Action                   |  1- 3 |  4- 6 || total
-------------------------+-------+-------++-------
Melee: Hand crossbow     |       |    17 ||    17
 Fire: Hand crossbow     |    77 |    10 ||    87
Armor: Leather armour    |     6 |       ||     6
       Pearl dragon scal |       |    39 ||    39
Dodge: Dodged            |    14 |    40 ||    54
